AoeStats
← Baron Morg Von Wigard

Arabian Desert

515320863Analyzed
1v1 RM · 16d ago on Oct 21, 2026· 26m 59s· 2 players
Game mode
Random Map
Map size
Tiny (2 player)
Population
200
Speed
Normal
Resources
Standard
Victory
Conquest
Starting age
Dark Age
Ending age
Imperial Age
RankedLock teamsTeams togetherTeam positionsShared explorationLock speedFull tech treeHidden civsTurbo modeCheats
Victory
Defeat
🇫🇷 Koreans · France
1404
+14
vs
🇩🇪 Maya · Germany
1361
-14
jf
0:31 Loom
9:58 Feudal Age
13:35 Wheelbarrow
15:12 Fletching
16:43 Double-Bit Axe
17:46 Scale Mail Armor
25:13 Castle Age
23:22 Horse Collar
23:37 Gold Mining
25:55 Bodkin Arrow
25:37 Crossbowman
26:01 Crossbowman
Baron Morg Von Wigard
6:54 Loom
9:24 Feudal Age
10:02 Man-at-Arms
15:36 Fletching
16:28 Horse Collar
17:10 Scale Mail Armor
19:35 Double-Bit Axe
24:24 Castle Age
23:02 Forging
23:33 Arson
25:35 Chain Mail Armor
24:44 Long Swordsman
26:00 Bodkin Arrow
25:55 Elite Skirmisher
Connection lost

Rejoining the realm…

Still unreachable

The connection could not be restored.

Session expired

The server has moved on; the page needs a fresh start.